Map: Ley Lines

Players

KimChiLoVer - Winner!

  • Race: Terran Terran
  • League: Diamond
  • Spawn Location: 1:00

A.I. 1 (Elite)

  • Race: Zerg Zerg
  • Spawn Location: 7:00

VOD

Have the link to the VOD?

Description

Time

  • Played on: Sept. 1, 2025, 2:01 p.m.
  • Length: 9:45
Show
View Real Time Build Order
Export as new Build Order

KimChiLoVer Terran - Winner!

Build Orders: Reaper Expand 

Get SALT Encoding   

  12  0:00  SCV  
  13  0:13  SCV  
  14  0:17  Supply Depot  
  14  0:25  SCV  
  15  0:38  SCV  
  15  0:40  Barracks  
  16  0:44  Refinery  
  16  0:50  SCV  
  17  1:03  SCV  
  18  1:15  SCV  
  19  1:28  Orbital Command  
  19  1:30  Reaper  
  20  1:40  Command Center  
  20  1:49  Supply Depot  
  20  1:55  SCV  
  21  2:02  Marine  
  21  2:07  SCV  
  23  2:13  Factory  
  23  2:19  SCV  
  23  2:22  Barracks Reactor  
  24  2:31  SCV  
  25  2:47  SCV  
  26  2:55  Command Center  
  26  2:57  Barracks  
  26  2:59  SCV  
  26  3:01  Orbital Command  
  27  3:11  SCV  
  27  3:12  Barracks Tech Lab  
  28  3:17  Hellion  
  28  3:18  Hellion  
  32  3:23  Refinery  
  32  3:31  SCV  
  33  3:43  SCV  
  33  3:44  Marine  
  35  3:58  Starport, SCV  
  35  4:01  SCV, Factory Reactor  
  37  4:03  Stimpack  
  37  4:09  Orbital Command  
  37  4:10  SCV  
  37  4:13  SCV  
  39  4:19  Marine x2  
  39  4:23  Refinery  
  41  4:25  SCV  
  41  4:31  Supply Depot  
  42  4:32  Engineering Bay  
  42  4:33  SCV, Engineering Bay  
  42  4:34  SCV  
  42  4:37  SCV  
  45  4:47  SCV  
  45  4:49  SCV  
  47  4:59  SCV, Factory Tech Lab  
  44  5:01  SCV  
  44  5:03  Supply Depot  
  44  5:05  Medivac x2  
  44  5:06  Marine x3  
  52  5:10  Terran Infantry Weapons Level 1  
  52  5:12  Refinery  
  52  5:13  SCV x2  
  54  5:21  Terran Infantry Armor Level 1  
  54  5:24  Marine x3  
  54  5:25  SCV x2  
  54  5:27  Barracks  
  54  5:28  Barracks  
  59  5:32  SCV, Barracks  
  60  5:37  SCV x2  
  60  5:41  Supply Depot  
  60  5:42  Combat Shield, Marine x2  
  64  5:44  SCV  
  64  5:47  Supply Depot  
  64  5:49  SCV  
  67  5:50  SCV  
  67  5:56  SCV  
  68  5:58  Barracks  
  68  6:01  SCV  
  68  6:02  SCV  
  68  6:03  Marine x3  
  73  6:05  Barracks  
  73  6:08  SCV, Siege Tank  
  73  6:09  Starport Reactor  
  77  6:13  SCV  
  77  6:14  SCV, Supply Depot  
  77  6:17  Supply Depot  
  79  6:20  SCV  
  79  6:21  Marine x2  
  79  6:22  Barracks Reactor x2  
  82  6:26  SCV, Marine  
  82  6:28  Barracks Reactor  
  82  6:30  SCV  
  82  6:32  SCV  
  86  6:38  SCV  
  87  6:41  Siege Tank  
  87  6:42  SCV  
  87  6:44  Supply Depot  
  87  6:45  Supply Depot, Medivac x2  
  95  6:50  SCV  
  95  6:53  Marine x4  
  101  6:56  Supply Depot  
  101  6:57  Supply Depot  
  101  6:59  Barracks Reactor  
  101  7:00  Marine x5  
  105  7:01  Barracks  
  105  7:07  SCV  
  106  7:11  Marine x4, Supply Depot  
  106  7:14  Marine x2  
  112  7:17  Supply Depot  
  112  7:18  Marine  
  112  7:19  SCV  
  112  7:20  Supply Depot  
  112  7:22  Supply Depot  
  104  7:30  Marine x2  
  104  7:31  Marine x5  
  109  7:37  Marine x4  
  109  7:38  Marine x2  
  109  7:39  Siege Tank  
  118  7:46  Supply Depot  
  118  7:48  Supply Depot, Marine  
  119  7:54  Marine x4  
  119  7:55  Barracks Reactor, Marine  
  119  7:56  Marine x3  
  127  7:59  Medivac x2  
  131  8:09  Supply Depot  
  131  8:11  Siege Tank  
  134  8:21  Supply Depot  
  134  8:23  Marine x6  
  134  8:24  Marine x2  
  141  8:34  Marine x4  
  141  8:35  Marine x3  
  141  8:36  Medivac x2  
  141  8:41  Marine  
  153  8:43  Siege Tank  
  144  8:53  Marine  
  144  8:54  Marine x13  
  151  8:59  Marine  
  152  9:11  Marine  
  152  9:12  Marine x13  
  152  9:16  Marine  
Show
View Real Time Build Order
Export as new Build Order

A.I. 1 (Elite) Zerg 

Build Orders: Pool First 

Get SALT Encoding   

  12  0:00  Drone  
  13  0:12  Overlord  
  13  0:17  Drone  
  14  0:30  Drone  
  14  0:31  Drone  
  16  0:42  Spawning Pool  
  15  0:44  Drone  
  15  0:48  Drone  
  17  1:10  Hatchery  
  17  1:11  Drone  
  17  1:14  Extractor  
  17  1:16  Extractor  
  17  1:17  Drone  
  16  1:21  Drone  
  17  1:28  Drone  
  18  1:38  Drone  
  19  1:49  Overlord  
  19  1:55  Queen  
  19  2:01  Zergling x2  
  22  2:10  Drone  
  23  2:25  Queen  
  25  2:33  Zergling x2  
  25  2:36  Drone  
  26  2:41  Drone  
  27  2:46  Drone  
  27  2:50  Drone  
  29  3:04  Roach Warren  
  29  3:05  Drone  
  29  3:09  Drone  
  30  3:13  Zergling x2  
  30  3:16  Zergling x2  
  32  3:22  Overlord  
  32  3:27  Drone  
  33  3:29  Drone  
  34  3:41  Zergling x2  
  34  3:44  Roach x3  
  40  3:49  Roach  
  42  3:57  Lair  
  42  4:02  Overlord  
  42  4:07  Overlord  
  42  4:10  Zergling x2  
  43  4:20  Zergling x4, Drone x2  
  43  4:22  Drone  
  48  4:25  Drone  
  48  4:27  Drone  
  50  4:32  Overlord  
  50  4:36  Roach  
  52  4:40  Roach  
  52  4:43  Roach  
  56  4:46  Roach  
  56  4:50  Overlord  
  58  4:57  Hydralisk Den, Drone  
  58  4:59  Drone  
  59  5:01  Drone  
  60  5:07  Drone  
  60  5:09  Drone  
  60  5:12  Drone  
  64  5:14  Drone  
  64  5:16  Drone  
  64  5:18  Drone  
  66  5:22  Overlord  
  66  5:23  Drone  
  66  5:25  Drone  
  66  5:26  Hydralisk  
  70  5:28  Hydralisk  
  70  5:31  Drone  
  70  5:32  Drone  
  74  5:36  Drone  
  74  5:39  Drone  
  74  5:40  Drone  
  74  5:41  Overlord  
  77  5:47  Infestation Pit  
  77  5:49  Drone  
  77  5:52  Roach  
  77  5:54  Roach  
  81  6:00  Overlord  
  81  6:05  Metabolic Boost  
  81  6:07  Evolution Chamber, Drone  
  81  6:15  Hatchery  
  80  6:19  Drone  
  80  6:24  Infestor  
  83  6:25  Infestor  
  83  6:28  Baneling Nest  
  84  6:32  Ravager  
  84  6:33  Evolution Chamber  
  84  6:34  Zerg Melee Weapons Level 1, Drone  
  84  6:37  Roach  
  87  6:41  Evolution Chamber  
  87  6:46  Drone, Extractor  
  86  6:48  Drone, Extractor  
  86  6:52  Ravager  
  87  6:56  Roach, Overlord  
  87  6:58  Zerg Missile Weapons Level 1  
  89  7:06  Hydralisk  
  89  7:07  Zerg Ground Armor Level 1  
  91  7:09  Drone x4  
  91  7:10  Drone x2  
  91  7:13  Baneling  
  91  7:14  Overlord  
  97  7:15  Baneling  
  97  7:18  Baneling  
  97  7:21  Baneling  
  97  7:22  Baneling  
  97  7:27  Zergling x2, Drone x2  
  97  7:28  Zergling x2, Drone x3  
  97  7:29  Drone x3  
  104  7:34  Extractor  
  104  7:35  Overseer  
  104  7:36  Drone  
  102  7:37  Drone  
  102  7:39  Drone  
  103  7:46  Zergling x6  
  103  7:48  Roach, Zergling x2, Overlord, Drone x2  
  103  7:51  Drone  
  112  7:53  Baneling x2  
  112  7:54  Baneling  
  112  7:57  Baneling  
  112  7:58  Zergling x2, Drone  
  112  7:59  Centrifugal Hooks  
  112  8:01  Drone  
  115  8:09  Overlord, Drone  
  115  8:12  Drone  
  117  8:15  Glial Reconstitution  
  117  8:18  Roach x3  
  117  8:19  Zergling x2, Hydralisk, Drone  
  127  8:20  Baneling, Infestor  
  127  8:22  Baneling  
  127  8:23  Baneling  
  127  8:25  Baneling  
  127  8:26  Baneling x2  
  129  8:27  Zergling x2, Drone  
  129  8:30  Overlord  
  129  8:31  Drone, Extractor  
  129  8:33  Baneling  
  131  8:35  Drone  
  132  8:41  Zergling x2  
  132  8:42  Zergling x2, Baneling x3  
  132  8:44  Baneling  
  132  8:45  Zergling x2  
  120  8:50  Roach x2, Zergling x2  
  120  8:51  Zergling x4, Baneling x2  
  120  8:52  Roach, Zergling x2  
  120  8:54  Hydralisk  
  105  8:57  Drone  
  98  9:03  Roach  
  98  9:05  Roach  
  98  9:08  Roach  
  96  9:13  Hydralisk  
  96  9:16  Zergling x2, Overseer  
  93  9:18  Zergling x2  
  93  9:22  Roach, Zergling x2, Drone  
  93  9:23  Roach, Zergling x2  
  97  9:24  Spine Crawler  
  97  9:25  Zergling x2  
Tags
 
Add a new tag
Caveats
  • Supply blocks, unpowered buildings, or Contaminate may cause inaccurate times.
  • Supply counts are checked every 10 seconds.